 Dungeon Crawl Stone Soup version 0.21.3-3-g218456f21e (webtiles) character file.

572402 MordorOrchid the Peltast (level 26, -2/237 HPs)
             Began as an Octopode Fighter on Nov 16, 2020.
             Was the Champion of Cheibriados.
             Slain by Antaeus
             ... wielding the +2 flail "Octopus's Curse" {venom, rC++ MR+ Int+3 Stlth-}
              (40 damage)
             ... on level 7 of Cocytus on Nov 21, 2020.
             The game lasted 07:00:28 (29386 turns).

MordorOrchid the Peltast (Octopode Fighter)        Turns: 29386, Time: 07:00:29

Health: -2/237     AC: 33    Str: 32      XL:     26   Next: 39%
Magic:  25/61      EV: 31    Int: 38      God:    Cheibriados [******]
Gold:   2864       SH: 23    Dex: 27 (31) Spells: 2/55 levels left

rFire    + . .     SeeInvis .     - Unarmed
rCold    + + .     Gourm    .   K - +5 shield {reflect}
rNeg     + + .     Faith    .   f - +3 hat of Pondering {ponderous, MR+ MP+10 Int+5}
rPois    ∞         Spirit   .   w - amulet of magic regeneration
rElec    +         Reflect  +   e - ring "Kyeth" {rCorr rElec MR+}
rCorr    +         Harm     .   h - ring of wizardry
MR       +++++                  y - ring of protection from fire
Stlth    ++++......             u - ring "Datouffi" {rN+ Dex+4}
HPRegen  0.49/turn              (no ring)
MPRegen  0.62/turn              D - ring of Elyvilon's Regard {rPois rC+}
                                O - ring of magical power
                                R - ring "Jumagac" {+Blink rPois MR++ EV+6 Int-2}

@: statue-form, studying Invocations, very slow
A: almost no armour, stealthy swim, amphibious, 8 rings, constrict 8, rugged
brown scales 1, camouflage 1, cold resistance 1
}: 4/15 runes: decaying, slimy, silver, gossamer
a: End Transformation, Bend Time, Temporal Distortion, Slouch, Step From Time,
Renounce Religion, Evoke Blink


You were on level 7 of Cocytus.
You worshipped Cheibriados.
Cheibriados was exalted by your worship.
You were not hungry.
You were a stone statue.
You visited 12 branches of the dungeon, and saw 57 of its levels.
You also visited: Labyrinth, Sewer, Ice Cave, Volcano and Wizlab.

You collected 6715 gold pieces.
You spent 3851 gold pieces at shops.

Inventory:

Hand Weapons
 b - a +9 blowgun
Missiles
 a - 8 needles of paralysis
 z - 7 tomahawks of returning
 F - 7 throwing nets
 I - 16 javelins (quivered)
Armour
 f - the +3 hat of Pondering (worn) {ponderous, MR+ MP+10 Int+5}
   (You took it off Gastronok on level 8 of the Dungeon)

   It affects your intelligence (+5).
   It affects your resistance to hostile enchantments.
   It affects your magic capacity (+10).
 K - a +5 shield of reflection (worn)
Magical Staves
 x - an uncursed staff of energy
Jewellery
 e - the ring "Kyeth" (left tentacle) {rCorr rElec MR+}
   (You bought it in a shop on level 2 of the Elven Halls)

   [ring of resist corrosion]

   It insulates you from electricity.
   It affects your resistance to hostile enchantments.
 h - a ring of wizardry (right tentacle)
 n - an uncursed ring of see invisible
 u - the ring "Datouffi" (on tentacle) {rN+ Dex+4}
   (You acquired it on level 5 of the Vaults)

   [ring of positive energy]

   It affects your dexterity (+4).
   It protects you from negative energy.
 w - an amulet of magic regeneration (around mantle)
 y - a ring of protection from fire (on tentacle)
 D - the ring of Elyvilon's Regard (on tentacle) {rPois rC+}
   (You found it on level 3 of the Elven Halls)

   [ring of protection from cold]

   It protects you from cold.
   It protects you from poison.
 O - a ring of magical power (on tentacle)
 R - the ring "Jumagac" (on tentacle) {+Blink rPois MR++ EV+6 Int-2}
   (You acquired it on level 5 of the Vaults)

   [ring of evasion]

   It affects your evasion (+6).
   It affects your intelligence (-2).
   It protects you from poison.
   It affects your resistance to hostile enchantments.
   It lets you blink.
Wands
 m - a wand of scattershot (8)
 p - a wand of iceblast (25)
 v - a wand of acid (40)
 A - a wand of digging (29)
 U - a wand of paralysis (35)
 V - a wand of clouds (4)
 X - a wand of enslavement (25)
Scrolls
 i - 5 scrolls of fog
 j - 3 scrolls of identify
 k - 5 scrolls of remove curse
 r - 8 scrolls of fear
 C - 3 scrolls of blinking
 H - 9 scrolls of teleportation
 M - a scroll of summoning
 N - 4 scrolls of immolation
 Y - 4 scrolls of silence
Potions
 d - 8 potions of heal wounds
 g - 18 potions of curing
 l - 3 potions of cancellation
 s - 5 potions of might
 t - a potion of mutation
 B - 2 potions of magic
 E - 2 potions of resistance
 G - 7 potions of ambrosia
 J - 3 potions of agility
 T - 2 potions of invisibility
Books
 q - a manual of Invocations
Miscellaneous
 o - a lamp of fire
 L - 5 phantom mirrors
 Q - a lightning rod (3/4)
 W - 2 boxes of beasts
Comestibles
 c - 70 rations


   Skills:
 * Level 14.1 Fighting
 - Level 5.0 Throwing
 - Level 12.0 Dodging
 - Level 3.0 Stealth
 - Level 20.0 Shields
 - Level 15.0 Unarmed Combat
 - Level 15.0 Spellcasting
 - Level 3.0 Hexes
 - Level 2.0 Charms
 - Level 10.0 Summonings
 - Level 10.0 Necromancy
 * Level 11.3 Translocations
 * Level 11.2 Transmutations
 - Level 4.0 Air Magic
 * Level 14.0 Earth Magic
 - Level 15.0 Invocations
 - Level 12.0 Evocations


You had 2 spell levels left.
You knew the following spells:

 Your Spells              Type           Power        Failure   Level  Hunger
d - Petrify               Tmut/Erth      #######.     1%          4    None
j - Summon Lightning Spi  Summ/Air       ######..     1%          4    None
k - Regeneration          Chrm/Necr      ######....   1%          3    None
p - Passage of Golubria   Tloc           N/A          1%          4    None
s - Summon Forest         Summ/Tloc      #######...   1%          5    None
u - Animate Skeleton      Necr           N/A          0%          1    None
v - Death Channel         Necr           #######...   1%          6    None
w - Passwall              Tmut/Erth      #######...   0%          2    None
x - Blink                 Tloc           N/A          0%          2    None
z - Apportation           Tloc           ######       0%          1    None
A - Confusing Touch       Hex            ######       1%          1    None
E - Borgnjor's Vile Clut  Necr/Erth      #######...   1%          5    None
U - Animate Dead          Necr           N/A          1%          4    None
V - Lee's Rapid Deconstr  Erth           #######...   1%          5    None
Y - Statue Form           Tmut/Erth      #######..    1%          6    None


Dungeon Overview and Level Annotations

Branches:
Dungeon (15/15)            Temple (1/1) D:4            Lair (6/6) D:10
  Swamp (4/4) Lair:3       Spider (4/4) Lair:3        Slime (5/5) Lair:5
    Orc (2/2) D:11            Elf (3/3) Orc:2        Vaults (5/5) D:14
 Depths (5/5) D:15           Hell (1/1)                 Dis (0/7) Hell
    Geh (0/7) Hell            Coc (7/7) Hell            Zot (0/5) Depths:5
  Crypt: Vaults:2-3     Tar: Hell:1

Altars:
Ashenzari
Cheibriados
Elyvilon
Gozag
Kikubaaqudgha
Makhleb
Qazlal
Ru
Sif Muna
Trog
Xom
Beogh
Jiyva

Shops:
D:6 (%*   D:14 [   Orc:2 :[*(   Elf:1 (   Elf:2 =}=   Elf:3 *   Vaults:1 :
Depths:2 :[*?[

Portals:
Hell: Depths:1 Depths:2 Depths:3 Depths:4
Abyss: Depths:5
Pandemonium: Depths:2 Depths:3
Ziggurat: Depths:2

Annotations:
Lair:3 rF
Depths:3 6 runed doors
Coc:7 Antaeus, Serpent of Hell


Innate Abilities, Weirdness & Mutations

You cannot wear most types of armour.
You are very stealthy in the water. (Stealth+)
You are amphibious.
You can wear up to eight rings at the same time.
You can use your tentacles to constrict eight enemies at once.
Your skin changes colour to match your surroundings (Stealth+).
((Your rubbery body absorbs attacks. (AC +1, EV +1)))
(You are partially covered in rugged brown scales. (AC +1, +3% HP))
Your flesh is cold resistant. (rC+)


Message History

* * * LOW HITPOINT WARNING * * *
You block Antaeus's attack. Antaeus hits you but does no damage.
The Ice Fiend struggles to escape constriction.
Unknown command.
Unknown command.
Unknown command.
Unknown command.
Evoke which item? (* to show all) (? for menu, Esc to quit)
Aiming: Corrosive Bolt
Press: ? - help, Shift-Dir - straight line, f - Ice Fiend
Aim: an Ice Fiend (moderately wounded, constricted by zombie hands)
The bolt of acid hits Antaeus.
Antaeus appears unharmed.
Antaeus is heavily wounded.
The bolt of acid hits the Ice Fiend.
The Ice Fiend is splashed with acid.
The acid corrodes the Ice Fiend!
The Ice Fiend is heavily wounded.
The zombie hands constrict Antaeus!!
The zombie hands constrict the Ice Fiend!!
Antaeus hits you with a translucent flail {venom}!!!
You die...

****≈≈≈≈≈≈≈≈≈≈≈≈≈≈≈≈≈* **≈≈≈≈≈≈≈≈
****≈≈≈≈≈≈≈...≈≈≈≈≈≈≈# *≈≈≈≈≈,∩,≈
****≈≈≈≈≈,,....≈≈≈≈≈≈# *≈≈≈,,,,,,
****≈≈≈≈,,,,.....≈≈≈≈# *≈≈≈,∩,,,∩
****≈≈≈,,,,,,.....≈≈≈# *≈≈,,,,≈,,
*###≈≈...C,,,,1....≈≈# *≈≈,,≈≈≈≈,
*###≈.....**+**)....≈#**≈,,≈≈≈≈≈,
*###≈....#*,,,*#C...≈#*≈≈,≈≈≈≈≈≈≈
*###≈....#,,,,,#8...≈#*≈≈≈≈≈≈≈≈≈≈
*###≈....#,,,,,#....≈#*≈≈≈≈≈≈≈*≈≈
*###≈....#,,,,,#....≈#*≈≈≈≈≈≈≈*≈≈
*###≈≈...##,,,##....≈#*≈≈≈≈≈≈≈*≈≈
*###≈≈.)..#####....≈≈#*≈≈≈≈≈≈≈*≈≈
*###≈≈≈.......†...≈≈##≈≈≈≈≈≈≈≈*≈≈
*###≈≈≈...........≈≈#*≈≈≈≈≈≈≈≈*≈≈
*###≈≈≈≈.........≈≈##*≈≈,,≈≈≈≈*≈≈
*###≈≈≈≈≈.....≈≈≈≈####≈....≈≈≈*≈≈


You could see Antaeus and an Ice Fiend.

Vanquished Creatures
  the Royal Jelly (Slime:5)
  Mennas (Vaults:5)
  A juggernaut (Depths:3)
  2 ancient liches
  Sojobo (Vaults:4)
  Margery (Depths:4)
  7 shard shrikes
  2 caustic shrikes
  3 golden dragons
  Geryon (Hell)
  4 bone dragons
  5 tentacled monstrosities
  3 liches
  6 Ice Fiends (Coc:7)
  A deep elf master archer (Elf:3)
  Rupert (Orc:2)
  The ghost of MordorOrchid the Eclecticist, an adept FeFE of Sif Muna (Hell)
  Asterion (Vaults:3)
  4 titans (Vaults:5)
  A deep elf blademaster (Elf:3)
  3 quicksilver dragons
  14 acid blobs
  5 sphinxes
  8 shadow dragons
  A shadow dragon (shapeshifter) (Elf:3)
  Gastronok (D:8)
  A thorn hunter (Swamp:2)
  Donald (Swamp:1)
  4 storm dragons
  12 tengu reavers
  6 azure jellies (Slime:5)
  5 frost giants
  6 fire giants
  An iron dragon (Vaults:5)
  A draconian shifter (Depths:5)
  6 deep elf sorcerers
  2 cacodemons
  An orc warlord (Orc:2)
  10 vault wardens
  Aizul (Elf:3)
  2 emperor scorpions (Spider:4)
  2 ghost moths
  6 deep elf elementalists
  8 stone giants
  An elemental wellspring (Coc:7)
  2 war gargoyles
  6 ironheart preservers
  7 reapers
  19 very ugly things
  7 entropy weavers
  11 deep elf demonologists
  6 deep elf annihilators
  7 spark wasps
  3 red draconians (Depths:5)
  An orange crystal statue (WizLab)
  11 ettins
  A green death (Hell)
  6 deep elf death magi
  Josephine (D:11)
  3 fire dragons
  3 deep elf high priests
  8 death oozes
  6 blizzard demons
  A minotaur (Lab)
  4 yaktaur captains
  5 ogre magi
  7 great orbs of eyes
  17 vault guards (Vaults:5)
  6 rakshasas
  7 hydras
  The ghost of MordorOrchid the Blocker, a journeyman OpVM of Cheibriados (D:12)
  5 spriggan air magi
  A kraken zombie (Hell)
  5 ghost crabs
  21 ice dragons
  9 alligators
  A death knight (Vaults:2)
  A queen ant (Lair:2)
  10 dancing weapons
  4 centaur warriors
  7 tengu warriors
  14 two-headed ogres
  3 death yaks (Lair:6)
  2 hell hogs (Depths:3)
  8 deep troll shamans
  5 spriggan berserkers
  2 vampire magi (Depths:3)
  An orc high priest (Orc:2)
  Urug (Lair:4)
  4 deep troll earth magi
  3 spriggans
  12 deep elf knights
  2 sun demons (Hell)
  Nergalle (D:12)
  A titan zombie (Coc:6)
  12 hell knights
  3 iron trolls
  3 soul eaters
  A fire crab (shapeshifter) (Depths:2)
  5 fire crabs (Lair:3)
  A sixfirhy (Hell)
  A titan skeleton (Coc:6)
  19 skeletal warriors
  A quicksilver dragon simulacrum (Coc:3)
  An unseen horror (D:14)
  A salamander mystic (Depths:1)
  3 flayed ghosts
  A spriggan druid (Swamp:3)
  A storm dragon skeleton (Coc:7)
  2 spectral hydras (Swamp:4)
  13 deep trolls
  4 anaconda zombies
  A wizard (D:14)
  The ghost of MordorOrchid the Blocker, a novice OpEE of Cheibriados (D:8)
  A wolf spider zombie (D:14)
  3 shambling mangroves
  Pikel (D:7)
  A lindwurm (shapeshifter) (Vaults:2)
  4 phantasmal warriors
  2 glowing orange brains
  11 necromancers
  8 ironbrand convokers
  9 deep elf archers
  7 harpies
  8 orb spiders
  A mana viper (shapeshifter) (Vaults:1)
  12 orc knights
  36 ugly things
  A shadow dragon zombie (Coc:1)
  A stone giant zombie (Coc:7)
  13 wolf spiders
  A fire giant zombie (Hell)
  5 orc sorcerers
  34 deep elf magi
  A salamander (Depths:1)
  6 elephants
  A moth of wrath (shapeshifter) (Vaults:5)
  2 shining eyes
  3 stone giant skeletons
  3 cyclopes
  2 fire giant skeletons
  A human skeleton (Vaults:4)
  3 dire elephant zombies
  3 torpor snails
  13 vault sentinels
  4 ice statues
  6 black mambas
  An apocalypse crab (Lair:3)
  A smoke demon (Hell)
  A molten gargoyle (Hell)
  An orange demon (Hell)
  Maurice (D:8)
  Psyche (D:12)
  A black mamba (shapeshifter) (D:13)
  A spiny frog (shapeshifter) (Vaults:2)
  5 gargoyles
  16 spiny frogs
  A redback zombie (D:14)
  4 rime drakes
  13 ice devils
  3 swamp worm zombies (Swamp:4)
  33 yaktaurs
  A hellion (Hell)
  3 tormentors
  A hellwing (Depths:1)
  13 freezing wraiths
  8 demonic crawlers
  A harpy zombie (Coc:3)
  7 komodo dragons
  4 red devils (Depths:1)
  3 tengu conjurers
  A merfolk (shapeshifter) (D:13)
  A tyrant leech (shapeshifter) (Vaults:5)
  14 hornets
  14 hydra zombies
  A meliai (shapeshifter) (Depths:2)
  12 jumping spiders
  7 trolls
  6 tyrant leeches
  21 slime creatures
  3 spectral swamp dragons (Swamp:4)
  4 alligator zombies
  The ghost of MordorOrchid the Insei, an amateur OpFi (D:4)
  2 ettin zombies
  A dream sheep (shapeshifter) (Vaults:5)
  18 blink frogs
  13 hippogriffs
  A hippogriff (shapeshifter) (Vaults:1)
  7 bog bodies
  A minotaur skeleton (Lab)
  10 flying skulls
  2 meliai zombies (D:15)
  A hydra skeleton (Coc:6)
  A human simulacrum (Vaults:1)
  A redback (shapeshifter) (Depths:3)
  36 redbacks
  4 wraiths
  3 shadows
  A fire giant simulacrum (Hell)
  6 air elementals
  13 wyverns
  An ice dragon skeleton (Coc:6)
  8 water elementals
  44 yaks
  10 tarantellas
  A spriggan (shapeshifter) (Vaults:5)
  A vampire (D:14)
  10 basilisks
  2 fire bats (Lair:6)
  19 vampire mosquitoes
  9 fire elementals
  5 hungry ghosts
  2 steam dragons (D:9)
  8 insubstantial wisps (Swamp:4)
  21 soldier ants
  7 swamp worms
  5 wargs
  An acid dragon (D:13)
  9 water moccasins
  A hydra simulacrum (Coc:6)
  10 hell hounds
  8 porcupines
  6 swamp drakes
  A floating eye (Depths:5)
  28 orc warriors
  6 sky beasts
  2 slaves (D:7)
  A manticore zombie (Coc:7)
  An eye of draining (shapeshifter) (Depths:4)
  23 ice beasts
  A spiny frog skeleton (Coc:3)
  A black bear (D:12)
  2 alligator simulacra (Hell)
  4 boggarts (Depths:2)
  2 swamp dragon zombies (Swamp:4)
  A wolf (shapeshifter) (Vaults:5)
  4 eyes of draining
  9 phantoms
  A snapping turtle zombie (Coc:7)
  18 centaurs
  18 ogres
  A snapping turtle skeleton (Coc:7)
  A necrophage (D:6)
  An ettin simulacrum (Coc:6)
  6 wolves
  A manticore skeleton (Coc:7)
  14 crocodiles
  2 big kobolds
  12 bullfrogs
  2 earth elementals
  A wyvern zombie (D:13)
  6 scorpions
  7 killer bees
  17 wights
  The ghost of P0WERM0DE the Bolt Thrower, a weakling DsHu (D:3)
  An electric eel (Spider:3)
  3 howler monkeys
  7 crimson imps
  A bullfrog zombie (D:13)
  9 jellies
  A lava snake (Lair:6)
  2 quasits
  4 centaur zombies
  13 orc priests
  A bullfrog skeleton (D:7)
  8 centaur skeletons
  10 hounds
  20 orc wizards
  An iguana (D:6)
  2 spectral swamp drakes (Swamp:4)
  9 hell rats
  26 worker ants
  A hound zombie (D:5)
  4 gnolls (D:8)
  A howler monkey skeleton (D:10)
  15 adders
  A swamp drake zombie (Swamp:4)
  2 shadow imps
  4 white imps
  12 oozes
  An adder skeleton (D:4)
  An adder zombie (D:9)
  3 worms (D:3)
  4 dart slugs
  15 leopard geckos
  67 orcs
  13 ball pythons
  21 giant cockroaches
  8 goblins
  4 hobgoblins
  20 jackals
  3 quokkas
  8 bats
  10 frilled lizards
  16 kobolds
  A leopard gecko skeleton (D:5)
  5 rats
  4 crawling corpses (Elf:3)
  7 fungi
  29 plants
  2 tentacles (Hell)
1828 creatures vanquished.

Vanquished Creatures (collateral kills)
  Boris (Depths:5)
  A golden dragon (Depths:5)
  Arachne (Spider:4)
  A deep elf master archer (Elf:3)
  A titan (Vaults:5)
  2 acid blobs (Slime:5)
  A shadow dragon (Vaults:5)
  A sphinx (Vaults:5)
  The ghost of P0WERM0DE the Brawler, an adept BaCK of Cheibriados (Spider:4)
  2 frost giants
  2 azure jellies
  2 deep elf sorcerers (Elf:3)
  2 ghost moths (Spider:4)
  2 emperor scorpions (Spider:4)
  A vault warden (Vaults:4)
  4 very ugly things
  2 deep elf elementalists (Elf:3)
  3 ironheart preservers
  8 stone giants
  A war gargoyle (Vaults:5)
  A vampire knight (Depths:5)
  A red draconian (Depths:5)
  A deep elf demonologist (Elf:3)
  A purple draconian (Depths:5)
  A deep elf annihilator (Elf:3)
  A spark wasp (Depths:5)
  A merfolk javelineer (Depths:2)
  A deep elf death mage (Elf:3)
  5 ettins
  A death ooze (Slime:5)
  2 fire dragons
  2 yaktaur captains (Depths:5)
  3 ice dragons
  4 great orbs of eyes
  2 hydras
  A rakshasa (Depths:3)
  7 vault guards (Vaults:5)
  An ogre mage (Depths:4)
  Erica (D:8)
  5 two-headed ogres
  4 alligators
  5 deep troll earth magi
  A spriggan berserker (Depths:3)
  A deep troll shaman (Depths:3)
  2 death yaks (Lair:6)
  A skeletal warrior (Coc:7)
  A deep elf knight (Vaults:4)
  9 hell knights
  A golden dragon zombie (Coc:7)
  A spriggan druid (Swamp:4)
  2 iron trolls (Depths:4)
  8 deep trolls
  A necromancer (Depths:1)
  An ironbrand convoker (Vaults:5)
  3 harpies
  15 wolf spiders
  4 ugly things
  A stone giant zombie (Vaults:4)
  A moth of wrath (Spider:3)
  3 orb spiders (Spider:4)
  2 deep elf magi (Elf:3)
  2 salamanders (Depths:1)
  An elephant (Lair:5)
  A stone giant skeleton (Coc:7)
  2 black mambas
  A guardian serpent (Lair:6)
  A torpor snail (Spider:4)
  2 vault sentinels (Vaults:5)
  A spiny frog (Swamp:4)
  4 swamp worm zombies (Swamp:4)
  A yaktaur zombie (Vaults:4)
  An orange demon (Hell)
  4 demonic crawlers (Spider:4)
  A komodo dragon (Lair:4)
  7 yaktaurs
  A hellwing (Depths:5)
  7 jumping spiders
  3 red devils (Depths:1)
  An ice devil (Coc:7)
  A wind drake (shapeshifter) (Vaults:3)
  3 trolls
  A tengu conjurer (Depths:2)
  9 hornets
  18 slime creatures
  8 blink frogs
  2 alligator zombies
  6 bog bodies (Swamp:4)
  A hippogriff (D:7)
  6 spriggans
  4 air elementals
  13 tarantellas (Spider:4)
  3 wyverns
  4 yaks
  36 redbacks
  2 wargs
  A vampire mosquito (Swamp:4)
  A hungry ghost (D:12)
  3 swamp worms
  2 spiny frog zombies (Coc:7)
  5 water moccasins
  4 hell hounds (Depths:3)
  A floating eye (Depths:5)
  A porcupine (Lair:1)
  3 ice beasts
  2 orc warriors
  A swamp drake (Swamp:3)
  2 eyes of draining
  An alligator simulacrum (Coc:7)
  A phantom (Swamp:4)
  4 ogres
  2 necrophages
  A wolf (Lair:4)
  3 centaurs
  A crocodile (Lair:6)
  3 bullfrogs
  2 crimson imps (Depths:1)
  An orc priest (Vaults:5)
  4 hell rats
  2 orc wizards (Orc:2)
  2 adders
  A shadow imp (D:8)
  An ooze (Sewer)
  A ball lightning (Depths:5)
  3 leopard geckos (Sewer)
  12 orcs
  A ball python (Sewer)
  2 giant cockroaches (Sewer)
  A jackal (D:6)
  3 frilled lizards (Sewer)
  3 crawling corpses (Elf:3)
  8 fungi
  4 plants (Lair:6)
399 creatures vanquished.

Vanquished Creatures (others)
  A draconian stormcaller (Depths:5)
  An elemental wellspring (Coc:6)
  An entropy weaver (Lair:3)
  2 yaktaur captains (Vaults:5)
  A deep elf high priest (Elf:3)
  A spriggan air mage (Depths:3)
  3 centaur warriors
  A deep elf knight (Elf:3)
  A glowing orange brain (Depths:3)
  2 deep elf archers
  A cyclops (D:15)
  5 yaktaurs
  A hungry ghost (Coc:7)
  4 centaurs
  4 fungi
  9 plants
  5 snaplasher vines
  5 tentacles (Hell)
48 creatures vanquished.

Grand Total: 2275 creatures vanquished

Notes
Turn   | Place    | Note
-------+----------+-------------------------------------------
     0 | D:1      | MordorOrchid the Octopode Fighter began the quest for the Orb.
     0 | D:1      | Reached XP level 1. HP: 16/16 MP: 1/1
    30 | D:1      | Reached XP level 2. HP: 17/21 MP: 2/2
   226 | D:1      | Reached skill level 1 in Stealth
   263 | D:1      | Reached XP level 3. HP: 26/26 MP: 3/3
  1085 | D:2      | Noticed a scorpion
  1092 | D:2      | Killed a scorpion
  1092 | D:2      | Reached XP level 4. HP: 10/31 MP: 4/4
  1105 | D:2      | Found an ancient bone altar of Kikubaaqudgha.
  1220 | D:2      | Reached XP level 5. HP: 35/36 MP: 5/5
  1532 | D:3      | Gained mutation: Your spells are a little harder to cast, but a little more powerful. [potion of mutation]
  1532 | D:3      | Gained mutation: Your spells are harder to cast, but more powerful. [potion of mutation]
  1534 | D:3      | Lost mutation: Your spells are harder to cast, but more powerful. [potion of mutation]
  1534 | D:3      | Lost mutation: Your spells are a little harder to cast, but a little more powerful. [potion of mutation]
  1534 | D:3      | Gained mutation: You are partially covered in rugged brown scales. (AC +1, +3% HP) [potion of mutation]
  1534 | D:3      | Gained mutation: Your flesh is cold resistant. (rC+) [potion of mutation]
  2077 | D:3      | Noticed P0WERM0DE's ghost (weakling DsHu)
  2086 | D:3      | Killed P0WERM0DE's ghost
  2086 | D:3      | Reached skill level 4 in Shields
  2086 | D:3      | Reached XP level 6. HP: 35/43 MP: 6/6
  2095 | D:3      | Learned a level 1 spell: Animate Skeleton
  2871 | D:4      | Reached skill level 5 in Unarmed Combat
  2933 | D:4      | Found a white marble altar of Elyvilon.
  3003 | D:4      | Found a bloodstained altar of Trog.
  3003 | D:4      | Noticed an eye of draining
  3003 | D:4      | Noticed an eye of draining
  3003 | D:4      | Noticed an eye of draining
  3025 | D:4      | Killed an eye of draining
  3025 | D:4      | Reached skill level 1 in Spellcasting
  3025 | D:4      | Reached skill level 1 in Necromancy
  3025 | D:4      | Reached XP level 7. HP: 47/47 MP: 0/8
  3030 | D:4      | Reached skill level 5 in Shields
  3268 | D:4      | Found an opulent altar of Gozag.
  3502 | D:4      | Found a staircase to the Ecumenical Temple.
  3511 | Temple   | Entered the Ecumenical Temple
  3517 | Temple   | Became a worshipper of Cheibriados the Contemplative
  3559 | D:4      | Noticed a hippogriff
  3564 | D:4      | Killed a hippogriff
  3564 | D:4      | Reached XP level 8. HP: 38/55 MP: 11/11
  3573 | D:4      | Found a stormy altar of Qazlal.
  3584 | D:4      | Noticed MordorOrchid's ghost (amateur OpFi)
  3593 | D:4      | Killed MordorOrchid's ghost
  3593 | D:4      | Reached skill level 6 in Shields
  3776 | D:5      | Entered Level 5 of the Dungeon
  4144 | D:5      | Reached skill level 7 in Shields
  4182 | D:5      | Found a glowing drain.
  4187 | Sewer    | Entered a sewer
  4228 | Sewer    | Learned a level 3 spell: Vampiric Draining
  4298 | Sewer    | Reached * piety under Cheibriados
  4418 | Sewer    | Reached ** piety under Cheibriados
  4527 | Sewer    | Reached XP level 9. HP: 61/61 MP: 14/14
  4591 | Sewer    | Reached *** piety under Cheibriados
  4620 | Sewer    | Reached skill level 1 in Invocations
  4652 | Sewer    | Learned a level 3 spell: Regeneration
  4735 | D:5      | Reached skill level 5 in Fighting
  4765 | D:5      | Found a burning altar of Makhleb.
  4804 | D:5      | Found an opulent altar of Gozag.
  4844 | D:5      | Learned a level 5 spell: Borgnjor's Vile Clutch
  5056 | D:6      | Reached skill level 1 in Charms
  5102 | D:6      | Reached skill level 8 in Shields
  5169 | D:6      | Found Juca's Elemental Accessories.
  5175 | D:6      | Bought a wand of iceblast (8) for 156 gold pieces
  5281 | D:6      | Found Byuriez's Food Shoppe.
  5306 | D:6      | Reached **** piety under Cheibriados
  5353 | D:6      | Found Hucij's Weapon Emporium.
  6228 | D:7      | Reached XP level 10. HP: 66/66 MP: 16/16
  6272 | D:7      | Found a deep blue altar of Sif Muna.
  6396 | D:7      | Noticed Pikel
  6417 | D:7      | Killed Pikel
  6417 | D:7      | Reached skill level 5 in Necromancy
  6503 | D:8      | Got an iridescent hunting sling
  6511 | D:8      | Identified the +1 hunting sling of Caniaxtiegh {velocity, MR++} (You found it on level 8 of the Dungeon)
  6549 | D:8      | Noticed MordorOrchid's ghost (novice OpEE)
  6556 | D:8      | Killed MordorOrchid's ghost
  6556 | D:8      | Reached skill level 9 in Shields
  6633 | D:8      | Reached skill level 1 in Evocations
  6678 | D:8      | Noticed Erica
  6704 | D:8      | Killed Erica
  6736 | D:8      | Noticed Gastronok
  6759 | D:8      | Killed Gastronok
  6759 | D:8      | Reached XP level 11. HP: 72/72 MP: 16/18
  6763 | D:8      | Noticed Maurice
  6781 | D:8      | Killed Maurice
  6988 | D:8      | Reached ***** piety under Cheibriados
  7533 | D:9      | Reached skill level 10 in Shields
  7548 | D:9      | Reached skill level 5 in Spellcasting
  7560 | D:9      | Reached skill level 5 in Invocations
  7957 | D:9      | Learned a level 4 spell: Animate Dead
  7977 | D:10     | Entered Level 10 of the Dungeon
  8066 | D:10     | Found a staircase to the Lair.
  8318 | D:10     | Noticed a two-headed ogre
  8331 | D:10     | Killed a two-headed ogre
  8492 | D:11     | Found a staircase to the Orcish Mines.
  8616 | D:12     | Reached skill level 11 in Shields
  8693 | D:12     | Noticed a purple ugly thing
  8700 | D:12     | Killed a purple ugly thing
  8780 | D:12     | Noticed MordorOrchid's ghost (journeyman OpVM)
  8792 | D:12     | Killed MordorOrchid's ghost
  8808 | D:12     | Reached ****** piety under Cheibriados
  8932 | D:12     | Noticed a two-headed ogre
  8940 | D:12     | Killed a two-headed ogre
  8972 | D:12     | Noticed a tengu warrior
  8979 | D:12     | Reached XP level 12. HP: 38/78 MP: 21/21
  8987 | D:12     | Killed a tengu warrior
  8987 | D:12     | Reached skill level 5 in Earth Magic
  9096 | D:12     | Reached skill level 12 in Shields
  9151 | D:12     | Noticed Nergalle
  9161 | D:12     | Killed Nergalle
  9192 | D:12     | Noticed Psyche
  9200 | D:12     | Killed Psyche
  9471 | D:11     | Noticed Josephine
  9480 | D:11     | Killed Josephine
  9871 | D:13     | Noticed a two-headed ogre
  9876 | D:13     | Killed a two-headed ogre
  9883 | D:13     | Noticed a six-headed hydra
  9927 | D:13     | Killed a six-headed hydra
  9970 | D:13     | Noticed a centaur warrior
 10080 | D:13     | Killed a centaur warrior
 10080 | D:13     | Reached XP level 13. HP: 63/82 MP: 22/22
 10587 | D:14     | Found Qunnudam's Antique Armour Boutique.
 10760 | D:14     | Found a gate to the Vaults.
 10806 | D:14     | Got a crude dagger
 11045 | D:15     | Entered Level 15 of the Dungeon
 11111 | D:15     | Noticed a fire dragon
 11268 | D:11     | Learned a level 3 spell: Tukima's Dance
 11269 | Orc:1    | Entered Level 1 of the Orcish Mines
 11539 | D:6      | Bought Maness's Guide on Clay for 682 gold pieces
 11544 | D:6      | Learned a level 4 spell: Petrify
 11637 | Lair:1   | Entered Level 1 of the Lair of Beasts
 12169 | Lair:2   | Reached skill level 1 in Hexes
 12211 | Lair:2   | Reached skill level 1 in Transmutations
 12256 | Lair:2   | Reached XP level 14. HP: 86/92 MP: 22/26
 12259 | Lair:2   | Reached skill level 5 in Evocations
 12490 | Lair:2   | Reached skill level 5 in Dodging
 12521 | Lair:2   | Reached skill level 13 in Shields
 12663 | Lair:3   | Learned a level 6 spell: Statue Form
 12668 | Lair:3   | Found a labyrinth entrance.
 12676 | Lab      | Entered a labyrinth
 12941 | Lab      | Reached skill level 10 in Unarmed Combat
 12949 | Lab      | Identified the Compendium of Changing and Summoning
 12958 | Lab      | Identified the +10 dagger of the Dragonfly {speed, +Inv MR+} (You found it on level 14 of the Dungeon)
 13097 | Lair:3   | Found a runed door.
 13177 | Lair:3   | Found a hole to the Spider Nest.
 13265 | Lair:3   | Found a staircase to the Swamp.
 13500 | Lair:4   | Found a frozen archway.
 13558 | IceCv    | Entered an ice cave
 14129 | Lair:4   | Noticed Urug
 14137 | Lair:4   | Killed Urug
 14522 | Lair:5   | Found a dark tunnel.
 14532 | Volcano  | Entered a volcano
 14637 | Lair:5   | Found a staircase to the Slime Pits.
 14877 | Lair:5   | Reached XP level 15. HP: 77/99 MP: 23/27
 15103 | Lair:6   | Entered Level 6 of the Lair of Beasts
 15869 | Lair:6   | Learned a level 2 spell: Blink
 15998 | Lair:3   | Reached skill level 5 in Transmutations
 16015 | Lair:3   | Reached skill level 1 in Translocations
 16424 | Orc:2    | Entered Level 2 of the Orcish Mines
 16454 | Orc:2    | Found a roughly hewn altar of Beogh.
 16687 | Orc:2    | Noticed an orc warlord
 16696 | Orc:2    | Killed an orc warlord
 16735 | Orc:2    | Reached XP level 16. HP: 109/109 MP: 14/29
 16772 | Orc:2    | Found a roughly hewn altar of Beogh.
 16788 | Orc:2    | Found Dayhiph's Book Shop.
 16815 | Orc:2    | Found Jatseosh's Antique Armour Shop.
 16837 | Orc:2    | Found Botepefi's Antique Weapon Shop.
 16861 | Orc:2    | Found a staircase to the Elven Halls.
 16886 | Orc:2    | Noticed Rupert
 16894 | Orc:2    | Killed Rupert
 17061 | Orc:2    | Found Suddudgh's General Store.
 17068 | Orc:2    | Bought a scroll of teleportation for 36 gold pieces
 17159 | Orc:1    | Found a roughly hewn altar of Beogh.
 17300 | Orc:2    | Bought a book of the Sky for 780 gold pieces
 17300 | Orc:2    | Bought a book of Cantrips for 240 gold pieces
 17396 | Lair:1   | Learned a level 1 spell: Apportation
 17398 | Lair:1   | Learned a level 1 spell: Confusing Touch
 17404 | Lair:1   | Learned a level 4 spell: Summon Lightning Spire
 17432 | Swamp:1  | Entered Level 1 of the Swamp
 17502 | Swamp:1  | Noticed Donald
 17518 | Swamp:1  | Paralysed by a hornet for 1 turns
 17537 | Swamp:1  | Killed Donald
 17670 | Swamp:2  | Found a shimmering altar of Xom.
 17730 | Swamp:2  | Reached skill level 10 in Spellcasting
 17730 | Swamp:2  | Reached skill level 1 in Summonings
 17740 | Swamp:2  | Reached skill level 1 in Air Magic
 18162 | Swamp:4  | Entered Level 4 of the Swamp
 18508 | Swamp:4  | Reached XP level 17. HP: 116/116 MP: 29/31
 18513 | Swamp:4  | Noticed a bone dragon
 18526 | Swamp:4  | Killed a bone dragon
 18526 | Swamp:4  | Reached skill level 14 in Shields
 18539 | Swamp:4  | Got a decaying rune of Zot
 18801 | Elf:1    | Entered Level 1 of the Elven Halls
 18873 | Elf:1    | Found Bituw's Weapon Shoppe.
 18957 | Elf:2    | Reached skill level 5 in Translocations
 18970 | Elf:2    | Found Tacyts's Jewellery Boutique.
 18971 | Elf:2    | Found Huoruwk's Gadget Emporium.
 18972 | Elf:2    | Found Fyfe Ucw's Jewellery Boutique.
 18985 | Elf:2    | Bought the ring "Kyeth" {rCorr rElec MR+} for 396 gold pieces
 19037 | Elf:3    | Entered Level 3 of the Elven Halls
 19040 | Elf:3    | Reached skill level 10 in Invocations
 19075 | Elf:3    | Found a magical portal.
 19129 | WizLab   | Entered Wucad Mu's Monastery
 19291 | WizLab   | Found the +9 staff of Wucad Mu {channel}
 19791 | Elf:3    | Found Robamuiq's Assorted Antiques.
 19810 | Elf:3    | Bought a scroll of enchant armour for 247 gold pieces
 19840 | Elf:3    | Learned a level 4 spell: Passage of Golubria
 19991 | Elf:3    | Reached skill level 10 in Fighting
 20096 | Elf:3    | Noticed a deep elf blademaster
 20100 | Elf:3    | Noticed a caustic shrike
 20100 | Elf:3    | a dire elephant changed into a caustic shrike
 20100 | Elf:3    | Noticed an iron giant
 20100 | Elf:3    | a caustic shrike changed into an iron giant
 20102 | Elf:3    | Killed a deep elf blademaster
 20102 | Elf:3    | Noticed a golden dragon
 20102 | Elf:3    | an iron giant changed into a golden dragon
 20105 | Elf:3    | Noticed an iron giant
 20105 | Elf:3    | a golden dragon changed into an iron giant
 20106 | Elf:3    | Noticed a golden dragon
 20106 | Elf:3    | an iron giant changed into a golden dragon
 20111 | Elf:3    | Noticed an iron giant
 20111 | Elf:3    | a golden dragon changed into an iron giant
 20112 | Elf:3    | Noticed a golden dragon
 20112 | Elf:3    | an iron giant changed into a golden dragon
 20113 | Elf:3    | Noticed a caustic shrike
 20113 | Elf:3    | a golden dragon changed into a caustic shrike
 20115 | Elf:3    | a caustic shrike changed into a shadow dragon
 20130 | Elf:3    | Noticed a Hell Sentinel
 20186 | Elf:3    | Noticed a deep elf master archer
 20189 | Elf:3    | Killed a deep elf master archer
 20231 | Elf:3    | Noticed Aizul
 20238 | Elf:3    | Killed Aizul
 20238 | Elf:3    | Reached XP level 18. HP: 123/123 MP: 33/33
 20262 | Elf:3    | Reached skill level 10 in Dodging
 20278 | Elf:3    | Reached skill level 5 in Summonings
 20291 | Elf:3    | Noticed a deep elf master archer
 20305 | Elf:3    | Killed a deep elf master archer
 20429 | Elf:3    | Reached skill level 15 in Shields
 20587 | Elf:3    | Identified the cursed +2 short sword "Worm's Wrath" {speed, Str+5} (You found it on level 3 of the Elven Halls)
 20609 | Elf:3    | Identified Sif Muna's Tome of Hurtful Translocation
 20634 | Elf:3    | Found the -2 hat of the Alchemist {rElec rPois rF+ rC+ rN+ MR+ rMut rCorr}
 20671 | Elf:3    | Identified the +7 hand crossbow "Wemynuon" {elec, -Tele rElec rN+} (You found it on level 3 of the Elven Halls)
 20701 | Elf:3    | Identified the +9 war axe "With Two Names" {vamp, rF+ rN+++ Int+2 SInv} (You found it on level 3 of the Elven Halls)
 20703 | Elf:3    | Identified the amulet "Ivyedd" {Inacc rC- Int+2 Dex+3} (You found it on level 3 of the Elven Halls)
 20709 | Elf:3    | Identified the ring of Elyvilon's Regard {rPois rC+} (You found it on level 3 of the Elven Halls)
 20753 | Elf:3    | Identified the Almanac of Aerial Bewitchment
 20793 | Elf:3    | Reached XP level 19. HP: 129/129 MP: 35/35
 21067 | D:15     | Reached skill level 5 in Throwing
 21080 | D:15     | Found a staircase to the Depths.
 21412 | Vaults:1 | Entered Level 1 of the Vaults
 21412 | Vaults:1 | Found Doas's Book Shop.
 21591 | Vaults:1 | Reached skill level 16 in Shields
 21611 | Vaults:1 | Found the +11 plutonium sword {*Contam Stlth-}
 21768 | Vaults:3 | Noticed Asterion
 21788 | Vaults:3 | Killed Asterion
 21964 | Vaults:4 | Reached XP level 20. HP: 135/135 MP: 36/36
 22206 | Vaults:4 | Noticed Sojobo
 22210 | Vaults:4 | Killed Sojobo
 22245 | Vaults:4 | Reached skill level 17 in Shields
 22595 | Vaults:5 | Entered Level 5 of the Vaults
 22678 | Vaults:5 | Identified 3 scrolls of acquirement
 22688 | Vaults:5 | Identified the amulet of Otohuaf {Reflect Fragile Int+5 SH+2} (You acquired it on level 5 of the Vaults)
 22693 | Vaults:5 | Identified the ring "Datouffi" {rN+ Dex+4} (You acquired it on level 5 of the Vaults)
 22916 | Vaults:5 | Got a smoking war axe {elec}
 22923 | Vaults:5 | Identified the +5 war axe "Kyxac" {elec, rN+} (You took it off a vault guard on level 5 of the Vaults)
 22956 | Vaults:5 | Reached XP level 21. HP: 144/144 MP: 25/37
 23023 | Vaults:5 | Learned a level 5 spell: Summon Forest
 23123 | Vaults:5 | Noticed a golden dragon
 23133 | Vaults:5 | Killed a golden dragon
 23284 | Vaults:5 | Noticed Mennas
 23295 | Vaults:5 | Killed Mennas
 23421 | Vaults:5 | Got a silver rune of Zot
 23425 | Vaults:5 | Learned a level 2 spell: Passwall
 23601 | Vaults:5 | Reached skill level 10 in Earth Magic
 23634 | Vaults:5 | Noticed an ancient lich
 23638 | Vaults:5 | Killed an ancient lich
 23638 | Vaults:5 | Reached XP level 22. HP: 150/150 MP: 35/39
 23788 | Vaults:5 | Identified the ring "Jumagac" {+Blink rPois MR++ EV+6 Int-2} (You acquired it on level 5 of the Vaults)
 24664 | Spider:1 | Entered Level 1 of the Spider Nest
 24956 | Spider:4 | Entered Level 4 of the Spider Nest
 24963 | Spider:4 | Reached skill level 10 in Transmutations
 25002 | Spider:4 | Reached skill level 10 in Necromancy
 25035 | Spider:4 | Noticed Arachne
 25040 | Spider:4 | Killed Arachne
 25051 | Spider:4 | Learned a level 6 spell: Death Channel
 25116 | Spider:4 | Noticed P0WERM0DE's ghost (adept BaCK)
 25125 | Spider:4 | Killed P0WERM0DE's ghost
 25168 | Spider:4 | Got a gossamer rune of Zot
 25351 | Slime:1  | Entered Level 1 of the Pits of Slime
 25372 | Slime:2  | Reached XP level 23. HP: 157/157 MP: 40/40
 25404 | Slime:3  | Reached skill level 18 in Shields
 25445 | Slime:5  | Entered Level 5 of the Pits of Slime
 25485 | Slime:5  | Noticed the Royal Jelly
 25486 | Slime:5  | Found a viscous altar of Jiyva.
 25519 | Slime:5  | Killed the Royal Jelly
 25565 | Slime:5  | Identified Qent's Guide on Damaging Snow
 25615 | Slime:5  | Got a slimy rune of Zot
 25623 | Slime:5  | Got a steaming hand crossbow
 25624 | Slime:5  | Identified the +2 hand crossbow of Mauve {speed, +Fly Str+4 Int-3} (You found it on level 5 of the Pits of Slime)
 25626 | Slime:5  | Got a twisted trident
 25627 | Slime:5  | Identified the +4 trident of Gluttony {antimagic, Stlth+} (You found it on level 5 of the Pits of Slime)
 25905 | Depths:1 | Entered Level 1 of the Depths
 26024 | Depths:1 | Found a gateway to Hell.
 26213 | Depths:2 | Found a one-way gate leading to the halls of Pandemonium.
 26218 | Depths:2 | Found Qanext's Book Emporium.
 26365 | Depths:3 | Found a large runed door.
 26368 | Depths:3 | Found a large runed door.
 26369 | Depths:3 | Found a large runed door.
 26370 | Depths:3 | Found a large runed door.
 26370 | Depths:3 | Found a large runed door.
 26441 | Depths:3 | Reached skill level 10 in Evocations
 26487 | Depths:3 | Found a large runed door.
 26487 | Depths:3 | Noticed a juggernaut
 26490 | Depths:3 | Found a large runed door.
 26568 | Depths:3 | Found a large runed door.
 26573 | Depths:3 | Killed a juggernaut
 26610 | Depths:3 | Reached XP level 24. HP: 166/166 MP: 41/41
 26764 | Depths:4 | Noticed Margery
 26776 | Depths:4 | Killed Margery
 26944 | Hell     | Entered the Vestibule of Hell
 26944 | Hell     | Noticed Geryon
 26944 | Hell     | Noticed MordorOrchid's ghost (adept FeFE)
 26953 | Hell     | Killed MordorOrchid's ghost
 26971 | Hell     | Killed Geryon
 27060 | Hell     | Found a gateway to the Iron City of Dis.
 27077 | Hell     | Found a gateway to the ashen valley of Gehenna.
 27180 | Depths:5 | Entered Level 5 of the Depths
 27307 | Depths:5 | Noticed Boris
 27311 | Depths:5 | Killed Boris
 27333 | Depths:5 | Found a gate to the Realm of Zot.
 27437 | Depths:5 | Reached skill level 10 in Translocations
 27458 | Depths:5 | Reached skill level 15 in Spellcasting
 27588 | Depths:5 | Reached XP level 25. HP: 174/174 MP: 42/42
 27592 | Depths:5 | Paralysed by a floating eye for 3 turns
 27657 | Depths:5 | Found a one-way gate to the infinite horrors of the Abyss.
 27750 | Depths:5 | Reached skill level 15 in Unarmed Combat
 27750 | Depths:5 | Reached skill level 10 in Summonings
 27911 | Depths:2 | Found a gateway to a ziggurat.
 27911 | Depths:2 | Noticed an ancient lich
 27923 | Depths:2 | Reached skill level 19 in Shields
 28052 | Depths:2 | Killed an ancient lich
 28198 | Depths:2 | Found Eraidui's Armour Shoppe.
 28198 | Depths:2 | Found Zufayri's Armour Emporium.
 28201 | Depths:2 | Found Oseklauh's General Store.
 28202 | Depths:2 | Found Hyoqet's Magic Scroll Shoppe.
 28205 | Depths:2 | Bought a scroll of fear for 77 gold pieces
 28213 | Depths:2 | Bought a scroll of teleportation for 42 gold pieces
 28213 | Depths:2 | Bought a scroll of fog for 28 gold pieces
 28213 | Depths:2 | Bought a scroll of teleportation for 42 gold pieces
 28590 | Depths:2 | Bought a book of Burglary for 1125 gold pieces
 28649 | Hell     | Learned a level 5 spell: Lee's Rapid Deconstruction
 28659 | Hell     | Found a gateway to the freezing wastes of Cocytus.
 28685 | Coc:1    | Entered Level 1 of Cocytus
 28875 | Coc:4    | Noticed a shard shrike
 28875 | Coc:4    | Noticed a shard shrike
 28875 | Coc:4    | Noticed a shard shrike
 28875 | Coc:4    | Noticed a shard shrike
 28881 | Coc:4    | You fall through a shaft for 2 floors!
 28906 | Coc:6    | Noticed a shard shrike
 28907 | Coc:6    | Noticed a shard shrike
 28908 | Coc:6    | Noticed a shard shrike
 28909 | Coc:6    | Noticed a shard shrike
 28911 | Coc:6    | Killed a shard shrike
 28911 | Coc:6    | Killed a shard shrike
 28912 | Coc:6    | Killed a shard shrike
 28936 | Coc:6    | Killed a shard shrike
 28981 | Coc:6    | Reached skill level 20 in Shields
 29078 | Coc:7    | Entered Level 7 of Cocytus
 29078 | Coc:7    | Noticed the Serpent of Hell
 29097 | Coc:7    | Reached XP level 26. HP: 182/182 MP: 42/42
 29213 | Coc:7    | Noticed a shard shrike
 29216 | Coc:7    | Killed a shard shrike
 29279 | Coc:7    | Noticed a shard shrike
 29343 | Coc:7    | Noticed a shard shrike
 29347 | Coc:7    | Reached skill level 15 in Invocations
 29348 | Coc:7    | Killed a shard shrike
 29354 | Coc:7    | Noticed Antaeus
 29367 | Coc:7    | Killed a shard shrike
 29386 | Coc:7    | Identified the +2 flail "Octopus's Curse" {venom, rC++ MR+ Int+3 Stlth-}
 29386 | Coc:7    | Slain by Antaeus

Skill      XL: |  1  2  3  4  5  6  7  8  9 10 11 12 13 14 15 16 17 18 19 20 21 22 23 24 25 26 |
---------------+-------------------------------------------------------------------------------+-----
Stealth        | 1 2 3 |  3.0
Unarmed Combat | 3 4 5 6 8 9 11 12 13 14 15 | 15.0
Shields        | 4 5 7 8 9 11 12 13 14 15 16 17 18 20 | 20.0
Spellcasting   | 1 2 3 4 6 8 9 10 11 12 13 14 15 | 15.0
Necromancy     | 1 2 3 4 5 6 8 9 10 | 10.0
Fighting       | 4 5 6 7 8 9 10 11 12 13 14 | 14.1
Invocations    | 2 4 5 6 7 8 9 10 11 12 13 14 15 | 15.0
Charms         | 2 |  2.0
Evocations     | 2 3 4 5 7 8 9 10 11 12 | 12.0
Earth Magic    | 2 4 6 7 8 9 10 11 12 14 | 14.0
Dodging        | 4 6 7 8 9 10 11 12 | 12.0
Hexes          | 1 3 |  3.0
Transmutations | 1 4 5 6 7 8 9 10 11 | 11.2
Translocations | 2 4 6 8 9 10 11 | 11.3
Summonings     | 2 4 5 6 7 8 9 10 | 10.0
Air Magic      | 3 4 |  4.0
Throwing       | 4 5 |  5.0

Action                   |  1- 3 |  4- 6 |  7- 9 | 10-12 | 13-15 | 16-18 | 19-21 | 22-24 | 25-27 || total
-------------------------+-------+-------+-------+-------+-------+-------+-------+-------+-------++-------
Melee: Unarmed           |    94 |   103 |   320 |   380 |   435 |   300 |   243 |   457 |   279 ||  2611
       Constrict         |    29 |    33 |    65 |    62 |    57 |    36 |    24 |    53 |    17 ||   376
       Tentacles         |    22 |    16 |    95 |   144 |   196 |   116 |    86 |   151 |   111 ||   937
       Punch             |     1 |     2 |    19 |    51 |    69 |    53 |    40 |    83 |    65 ||   383
       Staff             |       |       |       |       |       |     2 |     1 |       |       ||     3
 Fire: Blowgun           |       |    48 |    25 |    28 |     2 |       |       |       |       ||   103
Throw: Tomahawk          |       |       |     3 |    21 |    50 |       |       |       |       ||    74
       Javelin           |       |       |       |       |     5 |    16 |    30 |    19 |     2 ||    72
 Cast: Animate Skeleton  |       |       |    22 |    38 |   130 |    61 |    31 |    14 |     7 ||   303
       Regeneration      |       |       |       |    16 |    27 |    35 |    10 |    15 |    38 ||   141
       Borgnjor's Vile C |       |       |       |    14 |   180 |   151 |   156 |   156 |    81 ||   738
       Vampiric Draining |       |       |       |     5 |       |       |       |       |       ||     5
       Petrify           |       |       |       |       |    12 |       |       |       |       ||    12
       Animate Dead      |       |       |       |       |     2 |    16 |    32 |    53 |    13 ||   116
       Blink             |       |       |       |       |     8 |     3 |    11 |    41 |    11 ||    74
       Statue Form       |       |       |       |       |     6 |    42 |    38 |    52 |    26 ||   164
       Apportation       |       |       |       |       |       |    56 |    99 |   124 |    32 ||   311
       Summon Lightning  |       |       |       |       |       |    24 |    15 |    23 |       ||    62
       Tukima's Dance    |       |       |       |       |       |     1 |       |       |       ||     1
       Passage of Golubr |       |       |       |       |       |     8 |    43 |    91 |    68 ||   210
       Passwall          |       |       |       |       |       |       |       |   120 |    51 ||   171
       Death Channel     |       |       |       |       |       |       |       |    34 |    11 ||    45
       Summon Forest     |       |       |       |       |       |       |       |    19 |     4 ||    23
       Lee's Rapid Decon |       |       |       |       |       |       |       |       |     5 ||     5
Invok: Bend Time         |       |       |     1 |     6 |     4 |       |       |       |     1 ||    12
       Slouch            |       |       |       |     1 |     1 |     2 |       |       |     6 ||    10
       Temporal Distorti |       |       |       |       |     2 |       |       |       |     2 ||     4
 Abil: End Transformatio |       |       |       |       |       |       |       |     1 |       ||     1
Evoke: Wand              |       |       |     3 |    24 |     7 |     2 |     1 |     6 |     2 ||    45
       Lightning rod     |       |       |       |       |     2 |       |       |     8 |     2 ||    12
       Staff of energy   |       |       |       |       |       |   101 |    74 |       |     7 ||   182
       Phantom mirror    |       |       |       |       |       |       |       |     2 |       ||     2
       Lamp of fire      |       |       |       |       |       |       |       |     1 |       ||     1
       Box of beasts     |       |       |       |       |       |       |       |     1 |       ||     1
  Use: Scroll            |     1 |     4 |     7 |    14 |    13 |    14 |    17 |    11 |     2 ||    83
       Potion            |       |     5 |     4 |       |     3 |     4 |     2 |       |       ||    18
 Stab: Sleeping          |     6 |     5 |    18 |    18 |    15 |       |     1 |     7 |     3 ||    73
       Distracted        |       |       |     1 |     1 |     9 |     8 |     9 |    15 |     5 ||    48
       Petrified         |       |       |       |       |     7 |       |       |       |       ||     7
       Petrifying        |       |       |       |       |     3 |       |       |       |       ||     3
       Invisible         |       |       |       |       |     1 |       |       |       |       ||     1
  Eat: Chunk             |     1 |     6 |     9 |    11 |    24 |    18 |    10 |     6 |     2 ||    87
       Ration            |       |       |       |     1 |     4 |     2 |     1 |     2 |     2 ||    12
Armor: Skin              |     5 |     9 |    23 |    29 |    45 |   215 |   137 |   186 |   230 ||   879
Dodge: Dodged            |    36 |    42 |    88 |    97 |   163 |   414 |   303 |   757 |   951 ||  2851
Block: Shield            |    35 |    38 |   159 |   272 |   364 |   579 |   457 |   907 |   970 ||  3781
       Reflection        |       |       |       |       |       |     2 |    47 |    50 |    33 ||   132
